 Dungeon Crawl Stone Soup version 0.26.1-11-gd32895ea62 (webtiles) character file.

Game seed: 12785018299903442198

1022 Gabide the Digger (level 8, 0/43 HPs)
             Began as a Gargoyle Earth Elementalist on June 17, 2021.
             Was an Initiate of Gozag.
             Slain by an orc warrior
             ... wielding a +0 scimitar
              (15 damage)
             ... on level 5 of the Dungeon.
             The game lasted 00:19:37 (4711 turns).

Gabide the Digger (Gargoyle Earth Elementalist)     Turns: 4711, Time: 00:19:38

Health: 0/43       AC: 15    Str: 13    XL:     8   Next: 22%
Magic:  17/17      EV: 12    Int: 17    God:    Gozag
Gold:   223        SH:  0    Dex: 10    Spells: 13/19 levels left

rFire    . . .     SeeInvis .   m - +1 quarterstaff
rCold    . . .     Faith    .   (shield currently unavailable)
rNeg     + . .     Spirit   .   c - +2 robe
rPois    ∞         Reflect  .   (no helmet)
rElec    +         Harm     .   (no cloak)
rCorr    .         Rampage  .   (no gloves)
Will     .....                  k - +1 pair of boots
Stlth    ++........             (no amulet)
HPRegen  0.14/turn              j - +4 ring of slaying
MPRegen  0.15/turn              q - +4 ring of protection

@: no status effects
A: negative energy resistance 1, electricity resistance, unbreathing,
petrification resistance, miasma immunity, AC +5
a: Renounce Religion, Potion Petition, Call Merchant, Bribe Branch


You were on level 5 of the Dungeon.
You worshipped Gozag.
Gozag was aware of your devotion.
You visited 1 branch of the dungeon, and saw 5 of its levels.

You collected 295 gold pieces.
You paid 72 gold pieces to Gozag.

Inventory:

Hand Weapons
 m - a +1 quarterstaff (weapon)
 n - a +0 battleaxe
Missiles
 a - 3 throwing nets
Armour
 c - a +2 robe (worn)
 k - a +1 pair of boots (worn)
Jewellery
 j - a +4 ring of slaying (left hand)
 q - a +4 ring of protection (right hand)
Scrolls
 b - 2 scrolls of blinking {unknown}
 d - 3 scrolls of amnesia
 h - a scroll of teleportation
Potions
 e - 2 potions of attraction
 f - a potion of might
 i - a potion of resistance {unknown}


   Skills:
 + Level 1.1 Fighting
 + Level 0.4 Staves
 + Level 2.0 Dodging
 + Level 3.1 Stealth
 + Level 0.1 Unarmed Combat
 + Level 6.4 Spellcasting
 * Level 2.3 Conjurations
 + Level 0.7 Transmutations
 + Level 7.1 Earth Magic


You had 13 spell levels left.
You knew the following spells:

 Your Spells              Type           Power        Failure   Level
a - Sandblast             Erth           58%          1%          1
b - Passwall              Tmut/Erth      15%          3%          2
c - Stone Arrow           Conj/Erth      42%          5%          3

Your spell library contained the following spells:

 Spells                   Type           Power        Failure   Level
 Lee's Rapid Deconstruct  Erth           14%          19%         5
 Petrify                  Tmut/Erth      18%          24%         4


Dungeon Overview and Level Annotations

Branches:
Dungeon (5/15)
 Temple: D:4-7

Altars:
Gozag
Kikubaaqudgha
Nemelex Xobeh
Sif Muna
Trog

Shops:
D:4 }


Innate Abilities, Weirdness & Mutations

You are resistant to torment.
Your stone body is resilient. (AC +5)
You are immune to poison.
You resist negative energy. (rN+)
You are resistant to electric shocks. (rElec)
You can survive without breathing.
You are immune to petrification.
You are immune to miasma.


Message History

You start resting.
Magic restored.
You start resting.
HP restored.
You climb downwards.
There is a stone staircase leading up here.
A white imp comes into view.
The white imp shouts!
The white imp gestures at you. The puff of frost misses you.
The orc closely misses you.
The orc warrior hits you with a +0 scimitar!
The orc shouts!
The orc shouts!
The orc warrior hits you with a +0 scimitar!
The white imp grins evilly.
The orc closely misses you.
The orc warrior hits you with a +0 scimitar!
You die...
Your body crumbles into a pile of gold.

*.........##.###.............,,.
##.....###................#.####.
.......,,#####..#...........#....
.##*##**,,,.............#.#.#...#
..##############............#....
.o..>..o.......##.###.#.#.#...#.#
###.##########o.###..........)...
....#.....#####oo...#.#.#.#.#.#.#
...............o@................
..<...............##....##.......
............#########.....<......
............* #...####......
............* #.,,* *#......
............* *,,,***.......
,,,,,..5....* *,,,,,..#.....
,,,,,......#* *,,,**########
,,,**.....#* *,,,*


You could see an orc warrior and 3 orcs.

Vanquished Creatures
  Grinder (D:3)
  A sky beast (D:5)
  An ogre (D:4)
  A hound (D:4)
  2 orc priests (D:4)
  A bullfrog skeleton (D:5)
  An iguana (D:3)
  Jessica (D:3)
  Natasha (thrice) (D:4)
  4 orc wizards
  2 worker ants (D:4)
  A hound zombie (D:5)
  7 gnolls (D:4)
  6 adders
  An adder zombie (D:5)
  2 worms
  A dart slug (D:2)
  6 leopard geckos
  14 orcs
  7 giant cockroaches
  5 goblins
  12 hobgoblins
  9 kobolds
  A quokka (D:2)
  3 bats
  8 frilled lizards
  A jackal skeleton (D:4)
  10 rats
112 creatures vanquished.

Notes
Turn   | Place    | Note
-------+----------+-------------------------------------------
     0 | D:1      | Gabide the Gargoyle Earth Elementalist began the quest for
                  | the Orb.
     0 | D:1      | Reached XP level 1. HP: 10/10 MP: 3/3
   403 | D:1      | Reached XP level 2. HP: 15/15 MP: 3/5
   466 | D:1      | Reached skill level 4 in Earth Magic
  1000 | D:1      | Learned a level 2 spell: Passwall
  1040 | D:2      | Reached XP level 3. HP: 19/19 MP: 1/6
  1362 | D:2      | Reached XP level 4. HP: 23/24 MP: 2/7
  1444 | D:2      | Reached skill level 5 in Earth Magic
  1930 | D:3      | Found a faded altar of an unknown god.
  2009 | D:3      | Learned a level 3 spell: Stone Arrow
  2096 | D:3      | Noticed Grinder
  2111 | D:3      | Paralysed by something for 7 turns
  2116 | D:3      | HP: 1/24 [something (3)]
  2123 | D:3      | Paralysed by something for 4 turns
  2135 | D:3      | Paralysed by something for 3 turns
  2141 | D:3      | Paralysed by something for 2 turns
  2146 | D:3      | Killed Grinder
  2147 | D:3      | Reached XP level 5. HP: 28/28 MP: 1/11
  2147 | D:3      | Reached XP level 6. HP: 32/32 MP: 1/12
  2434 | D:3      | Noticed Jessica
  2438 | D:3      | Killed Jessica
  2801 | D:4      | Reached skill level 1 in Fighting
  2859 | D:4      | Reached skill level 6 in Earth Magic
  2861 | D:4      | Reached skill level 5 in Spellcasting
  2861 | D:4      | Reached XP level 7. HP: 38/38 MP: 2/14
  3309 | D:4      | Found a shimmering blue altar of Sif Muna.
  3309 | D:4      | Found a bloodstained altar of Trog.
  3310 | D:4      | Found an ancient bone altar of Kikubaaqudgha.
  3333 | D:4      | Found a glowing drain.
  3367 | D:4      | Found Gisin's Gadget Boutique.
  3513 | D:4      | Noticed Natasha
  3517 | D:4      | Killed Natasha
  3990 | D:4      | Noticed Natasha
  3994 | D:4      | Killed Natasha
  4096 | D:4      | Noticed Natasha
  4100 | D:4      | Killed Natasha
  4162 | D:4      | Found a sparkling altar of Nemelex Xobeh.
  4162 | D:4      | Found an opulent altar of Gozag.
  4170 | D:4      | Became a worshipper of Gozag Ym Sagoz the Greedy
  4330 | D:5      | Entered Level 5 of the Dungeon
  4337 | D:5      | Reached XP level 8. HP: 40/43 MP: 13/17
  4395 | D:5      | Reached skill level 1 in Conjurations
  4395 | D:5      | Reached skill level 7 in Earth Magic
  4711 | D:5      | Slain by an orc warrior

Illustrated notes

Levels and vault maps discovered:
D:1:      dpeg_arrival_tiny_d, layout_basic
D:2:      layout_basic
D:3:      layout_rooms, chequers_ecumenical_altar_simple,
          kennysheep_small_spiral, dk_noncrumbling_4, uniq_grinder, uniq_jessica
D:4:      layout_loops_ring, grunt_temple_overflow_opulence,
          grunt_temple_overflow_open, serial_shops, kennysheep_mini_moat,
          gup_sewer_entry_glass, uniq_natasha
D:5:      layout_rooms, hangedman_decor_riveting

Skill      XL: |  1  2  3  4  5  6  7  8 |
---------------+-------------------------+-----
Earth Magic    | 4 5 6 7 |  7.1
Spellcasting   | 4 5 6 |  6.4
Fighting       | 1 |  1.1
Stealth        | 3 |  3.1
Dodging        | 2 |  2.0
Conjurations   | 2 |  2.3
Staves         | |  0.4
Unarmed Combat | |  0.1
Transmutations | |  0.7

Action                   |  1- 3 |  4- 6 |  7- 9 || total
-------------------------+-------+-------+-------++-------
Melee: Unarmed           |       |    10 |       ||    10
       Quarterstaff      |       |     1 |    30 ||    31
 Cast: Sandblast         |    49 |    52 |    20 ||   121
       Stone Arrow       |       |     3 |    43 ||    46
  Use: Scroll            |       |    11 |     2 ||    13
       Potion            |       |     6 |       ||     6
 Stab: Sleeping          |       |       |     1 ||     1
Armor: Robe              |     2 |     6 |    32 ||    40
       Skin              |       |     7 |       ||     7
Dodge: Dodged            |     6 |    10 |    37 ||    53
